cohdb
Replays
Latest Replays
All Replays
Popular Replays
Top Player Replays
Match Explorer
How It Works
Community
CoH3 Stats
Reddit
Sign in to upload your games and track your stats! →
Sign in with Steam
Match 42351448
Unlisted
Match 42351448
Overview
Messages
Build Orders
End
Construct Section Command Post
Selects Canadian Shock Battlegroup
Infantry Section
ML 3-inch Mortar Team
Infantry Section
Selects Attacking Spirit
Selects Canadian Shock Section
Canadian Shock Section
Canadian Shock Section
Canadian Shock Section
Royal Engineer Section
Construct Platoon Command Post
6-pounder Anti-tank Gun Team
Selects Burnout
Construct Company Command Post
Unlock M3 Grant Medium Tanks
Selects Pyrotechnics
M3 Grant Medium Tank
M3 Grant Medium Tank
Selects Churchill Crocodile Heavy Tank
Royal Engineer Section
Burnout
Burnout
M3 Grant Medium Tank
Burnout
M3 Grant Medium Tank
M3 Grant Medium Tank
Burnout
MrMisrulent
Samp
Nukepapa
Sarpistic
0
0
Comments
sign in to comment!
No comments posted yet!